 Dungeon Crawl Stone Soup version 0.29-a0-1009-g60c99734e7 (webtiles) character file.

Game seed: 6627734468327350402

938 siradein the Conjurer (level 7, -1/50 HPs)
             Began as a Purple Draconian Conjurer on Aug 8, 2022.
             Was an Initiate of Sif Muna.
             Slain by a black bear (6 damage)
             ... on level 5 of the Dungeon.
             The game lasted 00:10:57 (4558 turns).

siradein the Conjurer (Purple Draconian Conjurer)   Turns: 4558, Time: 00:10:58

Health: -1/50      AC: 10    Str: 10    XL:     7   Next: 87%
Magic:  4/17       EV: 12    Int: 20    God:    Sif Muna [......]
Gold:   212        SH:  0    Dex:  9    Spells: 9/20 levels left

rFire   . . .      SeeInvis +   p - +2 short sword (elec)
rCold   . . .      Faith    .   (no shield)
rNeg    . . .      Spirit   .   (body armour unavailable)
rPois   .          Reflect  .   (helmet restricted)
rElec   .          Harm     .   (no cloak)
rCorr   .          Rampage  .   h - +0 pair of gloves
Will    +....                   c - +2 pair of boots
Stlth   ++........              (no amulet)
HPRegen 0.16/turn               i - ring of see invisible
MPRegen 0.15/turn               (no ring)

@: no status effects
A: breathe power, AC +6, unfitting armour, cold-blooded
a: Breathe Dispelling Energy, Renounce Religion


You were on level 5 of the Dungeon.
You worshipped Sif Muna.
Sif Muna was noncommittal.
You visited 1 branch of the dungeon, and saw 8 of its levels.

You collected 212 gold pieces.

Inventory:

Hand Weapons
 p - a +2 short sword of electrocution (weapon)
Armour
 c - a +2 pair of boots (worn)
 h - a +0 pair of gloves (worn)
Jewellery
 i - a ring of see invisible (left hand)
Scrolls
 b - 2 scrolls of noise {unknown}
 g - 2 scrolls of blinking {unknown}
 j - 2 scrolls of teleportation {unknown}
 k - 2 scrolls of fear {unknown}
 l - 4 scrolls of amnesia {unknown}
 m - a scroll of poison {unknown}
 n - a scroll of vulnerability {unknown}
 q - a scroll of magic mapping {unknown}
 r - a scroll of silence {unknown}
Potions
 a - 2 potions of magic
 d - 2 potions of haste
 e - a potion of ambrosia {unknown}
 f - a potion of berserk rage
 o - a potion of mutation {unknown}


   Skills:
 - Level 1.7 Dodging
 - Level 1.7 Stealth
 + Level 7.4 Spellcasting
 + Level 7.6 Conjurations


You had 9 spell levels left.
You knew the following spells:

 Your Spells              Type           Power      Damage    Failure   Level
a - Magic Dart            Conj           100%       1d8       1%          1
b - Searing Ray           Conj           74%        2d7       1%          2
c - Fulminant Prism       Conj/Hex       11%        3d9       19%         4
d - Iskenderun's Mystic   Conj/Tloc      22%        2d6       19%         4

Your spell library contained the following spells:

 Spells                   Type           Power      Damage    Failure   Level
 Dazzling Flash           Conj/Hex       44%        N/A       6%          3
 Hailstorm                Conj/Ice       22%        3d7       19%         4
 Tukima's Dance           Hex            7%         N/A       26%         3
 Ice Form                 Ice/Tmut       7%         N/A       65%         4
 Passage of Golubria      Tloc           7%         N/A       65%         4
 Yara's Violent Unravell  Hex/Tmut       3%         3d4       94%         5
 Simulacrum               Ice/Necr       3%         N/A       100%        6


Dungeon Overview and Level Annotations

Branches:
Dungeon (8/15)
 Temple: D:4-7         Lair: D:8-11

Altars:
Ashenzari
Dithmenos
Elyvilon
Nemelex Xobeh
Ru
Sif Muna
Uskayaw
Wu Jian
Xom

Shops:
D:2 [   D:3 [


Innate Abilities, Weirdness & Mutations

You can breathe bolts of dispelling energy.
Your rich purple scales are hard. (AC +6)
You cannot fit into any form of body armour.
You are cold-blooded and may be slowed by cold attacks.


Message History

The black bear is severely wounded.
You finish channelling your searing ray.
The black bear completely misses you.
The black bear claws you but does no damage. x2
The black bear bites you but does no damage.
The black bear closely misses you. x2; The iguana closely misses you.
The iguana bites you.
The black bear bites you but does no damage.
The black bear misses you. The black bear claws you.
The black bear bites you but does no damage.
The black bear claws you.
The black bear claws you but does no damage.
The iguana attacks as you move away! The iguana bites you.
The black bear attacks as you move away!
The black bear bites you but does no damage.
The black bear claws you.
The black bear claws you but does no damage.
The iguana attacks as you move away! The iguana barely misses you.
Casting: Searing Ray (safe; 1% risk of failure)
Confirm with . or Enter, or press ? or * to list all spells.
Aiming: Searing Ray (safe; 1% risk of failure)
Press: ? - help, Shift-Dir - straight line, f/p - black bear
Aim: a black bear (severely wounded, 86% to hit)
The searing ray hits the black bear.
The black bear is almost dead. (Press . to maintain the ray.)
The black bear goes berserk!
The iguana bites you but does no damage.
The searing ray hits the black bear.
The black bear is almost dead.
The black bear closely misses you.
The black bear claws you but does no damage. x2
The iguana bites you!
* * * LOW HITPOINT WARNING * * *
The black bear bites you.
* * * LOW HITPOINT WARNING * * *
The black bear barely misses you. The black bear claws you.
* * * LOW HITPOINT WARNING * * *
The searing ray misses the black bear.
The black bear bites you.
You die...

#..............
#.........$.... ##
#.............. ..#
............... ###..#
.......[[......
.....#........>.......
.......................
##..............hl......
#...............@.......
....#..............|....
........................
#......................#
#.....................##
#.......................
...##)..................
..#####.................
### ##...#........


You could see a black bear (berserk) and an iguana.

Vanquished Creatures
  A water moccasin (D:7)
  A sky beast (D:6)
  2 black bears (D:4)
  A centaur (D:6)
  A phantom (D:4)
  An orc priest (D:7)
  4 hounds
  An iguana (D:5)
  3 orc wizards (D:7)
  4 gnolls (D:3)
  4 adders
  2 white imps (D:6)
  3 dart slugs
  5 orcs
  A ball python (D:1)
  6 endoplasms
  3 giant cockroaches
  8 goblins
  7 hobgoblins
  2 jackals (D:2)
  5 quokkas
  5 bats
  4 frilled lizards (D:1)
  10 kobolds
  3 rats
87 creatures vanquished.

Vanquished Creatures (others)
  An adder (D:4)
1 creature vanquished.

Grand Total: 88 creatures vanquished

Notes
Turn   | Place    | Note
-------+----------+-------------------------------------------
     0 | D:1      | siradein the Draconian Conjurer began the quest for the
                  | Orb.
     0 | D:1      | Reached XP level 1. HP: 14/14 MP: 3/3
   214 | D:1      | Reached XP level 2. HP: 20/20 MP: 0/5
  1133 | D:1      | Reached XP level 3. HP: 26/26 MP: 5/7
  1473 | D:2      | Learned a level 2 spell: Searing Ray
  1718 | D:2      | Found Teyh's Armour Emporium.
  2010 | D:3      | Reached XP level 4. HP: 33/33 MP: 6/8
  2037 | D:3      | Found Nihaqooq's Antique Armour Boutique.
  2328 | D:3      | Reached skill level 5 in Conjurations
  3043 | D:4      | Noticed a phantom
  3055 | D:4      | Killed a phantom
  3056 | D:4      | Reached XP level 5. HP: 38/38 MP: 0/11
  3238 | D:4      | Noticed a black bear
  3273 | D:4      | Killed a black bear
  3274 | D:4      | Reached XP level 6. HP: 40/45 MP: 6/12
  3317 | D:4      | Found a shimmering altar of Xom.
  3334 | D:4      | Found a shimmering blue altar of Sif Muna.
  3351 | D:4      | Became a worshipper of Sif Muna the Loreminder
  3425 | D:4      | Found an ornate altar of the Wu Jian Council.
  3708 | D:4      | Learned a level 4 spell: Fulminant Prism
  3713 | D:4      | Learned a level 4 spell: Iskenderun's Mystic Blast
  3713 | D:4      | Found a sparkling altar of Nemelex Xobeh.
  3863 | D:5      | Entered Level 5 of the Dungeon
  3905 | D:5      | Reached skill level 5 in Spellcasting
  3910 | D:5      | Found a hide-covered altar of Uskayaw.
  4060 | D:5      | You fall into a shaft and drop 3 floors!
  4084 | D:7      | Found a shadowy altar of Dithmenos.
  4100 | D:7      | Noticed a water moccasin
  4109 | D:7      | Killed a water moccasin
  4110 | D:7      | Your scales start taking on a rich purple colour.
  4110 | D:7      | Reached XP level 7. HP: 48/50 MP: 4/16
  4157 | D:6      | Found a white marble altar of Elyvilon.
  4157 | D:6      | Found a broken altar of Ashenzari.
  4160 | D:6      | Found a sacrificial altar of Ru.
  4558 | D:5      | Slain by a black bear

Illustrated notes

Levels and vault maps discovered:
D:1:      lightli_molten_gateway, layout_loops_ring, kennysheep_doodads,
          minmay_splitting_lines, chequers_serial_rivers_micro_e,
          minmay_misc_feat_room
D:2:      layout_rooms, serial_shops, shop, grunt_ministairs_2
D:3:      layout_loops_ring, serial_shops,
          nicolae_shop_competitors_out_of_business
D:4:      layout_rooms, nzn_wu_jian_contemplation, mainiacjoe_overflow_alcove_4,
          lemuel_coloured_pillars_altar, nicolae_sif_muna_condensation,
          kennysheep_crisscross, lemuel_old_faithful
D:5:      layout_layer_cave, nicolae_uskayaw_dance_hall,
          minmay_temple_entry_mist, gup_sewer_entry_spiral
D:6:      layout_loops_ring, nicolae_overflow_hidden_temple, uniq_edmund
D:7:      layout_rooms, grunt_dithmenos_smoke, moated_statue
D:8:      layout_basic, tso_oasis_becter, nicolae_vehumet_altar_sigil,
          enter_bailey_2

Skill      XL: |  1  2  3  4  5  6  7 |
---------------+----------------------+-----
Spellcasting   | 3 4 6 7 |  7.4
Conjurations   | 5 6 7 |  7.6
Dodging        | |  1.7
Stealth        | |  1.7

Action                   |  1- 3 |  4- 6 |  7- 9 || total
-------------------------+-------+-------+-------++-------
Melee: Dagger            |    23 |       |       ||    23
 Cast: Magic Dart        |    86 |    53 |    30 ||   169
       Searing Ray       |     1 |    11 |     5 ||    17
 Abil: Breathe Dispellin |       |       |     1 ||     1
  Use: Scroll            |       |     4 |       ||     4
Armor: Skin              |    21 |    12 |    18 ||    51
Dodge: Dodged            |    31 |    16 |    24 ||    71

Table legend: (Time is in decaauts)
 A = Elapsed time spent in this place.
 B = Non-inter-level travel time spent in this place.
 C = Inter-level travel time spent in this place.
 D = Time resting spent in this place.
 E = Time spent auto-exploring this place.
 F = Levels seen in this place.
 G = Mean time per level.
                   A        B        C        D        E       F      G
               +--------+--------+--------+--------+--------+-----+--------+
         Total |   4558 |   4282 |    276 |      0 |   3594 |   8 |  569.8 |
       Dungeon |   4558 |   4282 |    276 |      0 |   3594 |   8 |  569.8 |
               +--------+--------+--------+--------+--------+-----+--------+

Top non-repeatable levels by time:
     D:1: 1348 daAuts
     D:3: 982 daAuts
     D:4: 872 daAuts
     D:2: 659 daAuts
     D:7: 312 daAuts
     D:5: 208 daAuts
     D:6: 150 daAuts
     D:8: 23 daAuts
